 Dungeon Crawl Stone Soup version 0.30-a0-263-ge22c4ad894 (webtiles) character file.

Game seed: 5357244867489016419

44 brknglss the Gusty (level 3, 0/28 HPs)
             Began as a Draconian Air Elementalist on Oct 13, 2022.
             Slain by Natasha (6 damage)
             ... on level 2 of the Dungeon.
             The game lasted 00:03:50 (1684 turns).

brknglss the Gusty (Draconian Air Elementalist)     Turns: 1684, Time: 00:03:50

Health: 0/28       AC:  6    Str: 10    XL:     3   Next: 39%
Magic:  0/6        EV: 12    Int: 17    God:
Gold:   102        SH:  0    Dex: 11    Spells: 5/6 levels left

rFire   . . .      SeeInvis .    d - +0 dagger
rCold   . . .      Faith    .    (no shield)
rNeg    . . .      Spirit   .    (body armour unavailable)
rPois   .          Reflect  .    (helmet restricted)
rElec   .          Harm     .    (no cloak)
rCorr   .          Rampage  .    c - +0 pair of gloves
Will    .....                    (no boots)
Stlth   ++........               h - amulet of the acrobat
HPRegen 0.24/turn                f - ring of wizardry
MPRegen 0.10/turn                (no ring)

@: no status effects
A: AC +5, unfitting armour, cold-blooded
a: no special abilities


You were on level 2 of the Dungeon.
You visited 1 branch of the dungeon, and saw 2 of its levels.

You collected 102 gold pieces.

Inventory:

Hand Weapons
 d - a +0 dagger (weapon)
Armour
 c - a +0 pair of gloves (worn)
Jewellery
 f - a ring of wizardry (left hand)
 h - an amulet of the acrobat (around neck)
Scrolls
 b - a scroll of brand weapon {unknown}
Potions
 a - a potion of magic
 e - a potion of curing {unknown}
 g - a potion of mutation {unknown}
 i - a potion of attraction {unknown}


   Skills:
 + Level 1.0 Fighting
 + Level 2.1 Dodging
 - Level 1.7 Stealth
 + Level 2.3 Spellcasting
 + Level 1.5 Conjurations
 * Level 3.5 Air Magic


You had 5 spell levels left.
You knew the following spells:

 Your Spells              Type           Power      Damage    Failure   Level
a - Shock                 Conj/Air       40%        1d5       2%          1

Your spell library contained the following spells:

 Spells                   Type           Power      Damage    Failure   Level
 Static Discharge         Conj/Air       20%        2-3/arc   4%          2
 Swiftness                Air            14%        N/A       5%          3
 Poisonous Vapours        Pois/Air       16%        N/A       6%          2
 Cigotuvi's Dreadful Rot  Necr/Pois/Air  12%        N/A       7%          2
 Vhi's Electric Charge    Tloc/Air       16%        N/A       11%         3
 Airstrike                Air            7%         2d(1-17)  17%         4
 Inner Flame              Hex/Fire       2%         N/A       22%         3
 Cause Fear               Hex            1%         N/A       56%         4
 Dispel Undead            Necr           2%         3d7       56%         4
 Arcjolt                  Conj/Air       5%         1d15      56%         5
 Lightning Bolt           Conj/Air       5%         1d17      56%         5
 Death Channel            Necr           1%         N/A       100%        6
 Eringya's Noxious Bog    Tmut/Pois      1%         N/A       100%        6
 Discord                  Hex            1%         N/A       100%        8


Dungeon Overview and Level Annotations

Branches:
Dungeon (2/15)

Altars:

Annotations:
D:2 Natasha


Innate Abilities, Weirdness & Mutations

Your plain brown scales are hard. (AC +5)
You cannot fit into any form of body armour.
You are cold-blooded and may be slowed by cold attacks.


Message History

The jackal closely misses you. Natasha claws you.
The jackal bites you but does no damage.
You hit Natasha.
Your tail-slap misses Natasha.
Natasha is moderately wounded.
The jackal closely misses you.
Natasha stares at you and mumbles some strange words.
The magic dart hits you!
Casting: Shock (safe; 2% risk of failure)
Confirm with . or Enter, or press ? or * to list all spells.
Aiming: Shock (safe; 2% risk of failure)
Press: ? - help, Shift-Dir - straight line, f - Natasha, p - jackal
Aim: Natasha (moderately wounded, 60% to hit)
The zap hits Natasha.
Natasha is heavily wounded.
The zap hits the bat.
You kill the bat!
The jackal barely misses you. Natasha misses you.
Casting: Shock (safe; 2% risk of failure)
Confirm with . or Enter, or press ? or * to list all spells.
Aiming: Shock (safe; 2% risk of failure)
Press: ? - help, Shift-Dir - straight line, f/p - Natasha
Aim: Natasha (heavily wounded, 60% to hit)
The zap hits Natasha.
Natasha is severely wounded.
The jackal bites you but does no damage.
The jackal misses you. Natasha barely misses you.
You hit Natasha.
Natasha is severely wounded.
The jackal bites you. Natasha misses you.
You hit Natasha but do no damage.
Your tail-slap misses Natasha.
Natasha is severely wounded.
The jackal bites you but does no damage.
Natasha claws you.
* * * LOW HITPOINT WARNING * * *
The jackal bites you but does no damage.
You hit Natasha.
Natasha is severely wounded.
The jackal bites you but does no damage.
Natasha claws you.
You die...

#### #...# ### . #.... ..# .$
....###.# ... #......# ....
#...#..# ..... ..
#...#..########...... ...
#.........†h@h...... ...
#.#.......####...... ... ...
#.#..###...# ####.....
...##.#.#####..# ...# ####
......#........# ...# .....
......#.#####.#########...#......
.......>..................+......
#.....#######.##........###......
#...### #..#.##.#...............


You could see Natasha and a jackal.

Vanquished Creatures
  A dart slug (D:2)
  6 endoplasms
  3 giant cockroaches (D:1)
  6 goblins
  3 hobgoblins (D:1)
  6 jackals
  A ball python (D:1)
  4 bats
  2 frilled lizards (D:1)
  3 kobolds (D:1)
  A rat (D:1)
36 creatures vanquished.

Notes
Turn   | Place    | Note
-------+----------+-------------------------------------------
     0 | D:1      | brknglss the Draconian Air Elementalist began the quest for
                  | the Orb.
     0 | D:1      | Reached XP level 1. HP: 14/14 MP: 3/3
   279 | D:1      | Reached XP level 2. HP: 22/22 MP: 1/5
   985 | D:1      | Reached XP level 3. HP: 27/27 MP: 6/6
  1336 | D:2      | Reached skill level 1 in Fighting
  1611 | D:2      | Got the Discursus on Aerial Putrescence
  1664 | D:2      | Noticed Natasha
  1684 | D:2      | Slain by Natasha

Illustrated notes

Levels and vault maps discovered:
D:1:      matt_arrival_diagonals, layout_loops_ring
D:2:      layout_basic, basic_altar, minmay_misc_feat_alley, uniq_natasha

Skill      XL: |  1  2  3 |
---------------+----------+-----
Dodging        | 2 |  2.1
Fighting       | 1 |  1.0
Stealth        | |  1.7
Spellcasting   | |  2.3
Conjurations   | |  1.5
Air Magic      | |  3.5

Action                   || total
-------------------------++-------
Melee: Unarmed           ||     9
       Dagger            ||    81
       Tailslap          ||     9
 Cast: Shock             ||    33
 Stab: Sleeping          ||     4
Armor: Skin              ||    52
Dodge: Dodged            ||    88

Table legend: (Time is in decaauts)
 A = Elapsed time spent in this place.
 B = Non-inter-level travel time spent in this place.
 C = Inter-level travel time spent in this place.
 D = Time resting spent in this place.
 E = Time spent auto-exploring this place.
 F = Levels seen in this place.
 G = Mean time per level.
                   A        B        C        D        E       F      G
               +--------+--------+--------+--------+--------+-----+--------+
         Total |   1683 |   1600 |     83 |    605 |    583 |   2 |  841.5 |
       Dungeon |   1683 |   1600 |     83 |    605 |    583 |   2 |  841.5 |
               +--------+--------+--------+--------+--------+-----+--------+

Top non-repeatable levels by time:
     D:1: 1311 daAuts
     D:2: 372 daAuts
